 Dungeon Crawl Stone Soup version 0.31-a0-408-gb642c7f9a3 (webtiles) character file.

Game seed: 2067418374055847438

61 floatRand the Ruffian (level 3, -6/28 HPs)
             Began as a Draconian Shapeshifter on July 30, 2023.
             Killed by divine providence
             ... invoked by an orc priest
              (13 damage)
             ... on level 3 of the Dungeon.
             The game lasted 00:02:15 (1820 turns).

floatRand the Ruffian (Draconian Shapeshifter)      Turns: 1820, Time: 00:02:16

Health: -6/28      AC:  5    Str: 17    XL:     3   Next: 83%
Magic:  3/3        EV: 27    Int:  8    God:
Gold:   99         SH:  0    Dex: 13    Spells: 2/2 levels left

rFire   . .          .
                       - Unarmed
rCold   . . .        (no shield)
rNeg    . . .        (body armour unavailable)
rPois   .            (helmet currently unavailable)
rElec   .            (cloak currently unavailable)
rCorr   .            (gloves currently unavailable)
SInv    .            (boots currently unavailable)
Will    .....        m - amulet of the acrobat
Stlth   +            (no ring)
HPRegen 0.24/turn    (no ring)
MPRegen 0.08/turn

%: acrobat
@: beast-form, acrobatic
A: beast (slay +2), AC +5, unfitting armour, cold-blooded
a: Begin Untransformation


You were on level 3 of the Dungeon.
You were a hulking beast.
You visited 1 branch of the dungeon, and saw 3 of its levels.

You collected 236 gold pieces.
You spent 137 gold pieces at shops.

Inventory:

Armour
 h - a +0 pair of boots
 k - a +0 cloak
Jewellery
 m - an amulet of the acrobat (around neck)
Talismans
 b - a beast talisman
Scrolls
 f - a scroll of vulnerability {unknown}
 g - a scroll of revelation
 i - a scroll of noise {unknown}
 j - a scroll of summoning {unknown}
 l - 2 scrolls of amnesia {unknown}
 n - 2 scrolls of teleportation
 o - 2 scrolls of poison {unknown}
 p - a scroll of enchant weapon {unknown}
Potions
 a - a potion of lignification
 c - a potion of heal wounds
 d - 2 potions of brilliance
 e - a potion of mutation
 q - a potion of ambrosia {unknown}


   Skills:
 - Level 1.1 Fighting
 - Level 1.7 Dodging
 * Level 4.2 Unarmed Combat
 + Level 3.5 Shapeshifting


You had 2 spell levels left.
You didn't know any spells.
Your spell library contained the following spells:

 Spells                   Type           Power      Damage    Failure   Level
 Kiss of Death            Conj/Necr      0%         2d5       41%         1
 Summon Small Mammal      Summ           0%         N/A       41%         1
 Cigotuvi's Dreadful Rot  Necr/Pois/Air  0%         N/A       54%         2
 Call Canine Familiar     Summ           0%         N/A       78%         3
 Confusing Touch          Hex            0%         N/A       78%         3
 Summon Guardian Golem    Hex/Summ       0%         N/A       78%         3
 Volatile Blastmotes      Fire/Tloc      0%         2d10      78%         3
 Dispel Undead            Necr           0%         3d6       99%         4
 Fulminant Prism          Conj/Hex       0%         3d5       99%         4
 Iskenderun's Mystic Bla  Conj/Tloc      0%         2d3       99%         4
 Death Channel            Necr           0%         N/A       100%        6


Dungeon Overview and Level Annotations

Branches:
Dungeon (3/15)

Altars:
Qazlal
Vehumet

Shops:
D:2 ?


Innate Abilities, Weirdness & Mutations

You are a hulking beast.
Your limbs bulge with bestial killing power. (Slay +2)
Your plain brown scales are hard. (AC +5)
You cannot fit into any form of body armour.
You are cold-blooded and may be slowed by cold attacks.


Message History

There are monsters nearby!
There are monsters nearby!
There are monsters nearby!
The orc priest shouts!
You hear a shout!
The orc priest mumbles some strange prayers to Beogh against you.
Beogh smites you! The orc misses you.
An orc comes into view. It is wielding a +0 whip.
You completely miss the orc. You tail-slap the orc.
The orc is lightly wounded.
The orc priest casts a cantrip, but nothing happens.
You hit the orc.
The orc is moderately wounded.
Found a stone staircase leading down.
The orc barely misses you.
You hit the orc but do no damage.
The orc is moderately wounded.
The orc closely misses you.
Unknown command.
You hit the orc but do no damage.
The orc is moderately wounded.
The orc priest calls upon Beogh to heal the orc.
The orc's wounds heal themselves!
Unknown command.
You hit the orc.
The orc is moderately wounded.
The orc priest calls down the wrath of Beogh upon you.
Beogh smites you! The orc misses you. The orc hits you with a +0 hand axe.
* * * LOW HITPOINT WARNING * * *
Unknown command.
You barely miss the orc.
The orc is moderately wounded.
The orc barely misses you. The orc hits you with a +0 hand axe.
* * * LOW HITPOINT WARNING * * *
Unknown command.
The orc attacks as you move away! The orc hits you but does no damage. x2
The orc attacks as you move away! The orc misses you.
Unknown command.
The orc priest invokes the aid of Beogh against you.
Beogh smites you!
You die...

#...#.#
#..######....._....#
#..#..#
#.......)..........#
#.###.#
######.#†...8......#
#..#.##
#.#.........#.
....##
#######.##._.....##
#...#
#................#
#...##
#.#####.###....###
[....####.#
#.###o##.#
..........#
#.h...#.o####.#
####.######
#.###..o.......# #.#
#>....!.#########
#.# ##.###..# #.# #.
#..# #.# #..# #.#
#..# #.# #..# #..


You could see an orc priest and an orc.

Vanquished Creatures
  An adder (D:2)
  A dart slug (D:2)
  7 ball pythons
  8 bats
  4 endoplasms
  4 giant cockroaches
  2 goblins
  4 hobgoblins
  3 jackals (D:1)
  2 frilled lizards
  5 kobolds
  2 rats (D:2)
43 creatures vanquished.

Notes
Turn   | Place    | Note
-------+----------+-------------------------------------------
     0 | D:1      | floatRand the Draconian Shapeshifter began the quest for
                  | the Orb.
     0 | D:1      | Reached XP level 1. HP: 16/16 MP: 1/1
   282 | D:1      | Reached XP level 2. HP: 23/23 MP: 2/2
   835 | D:2      | Reached XP level 3. HP: 19/28 MP: 3/3
  1047 | D:2      | Reached skill level 4 in Unarmed Combat
  1305 | D:2      | Found Mutial's Magic Scroll Boutique.
  1312 | D:2      | Bought a scroll of identify for 22 gold pieces
  1317 | D:2      | Bought a scroll of revelation for 82 gold pieces
  1317 | D:2      | Bought a scroll of teleportation for 33 gold pieces
  1777 | D:3      | Found a stormy altar of Qazlal.
  1785 | D:3      | Found a radiant altar of Vehumet.
  1820 | D:3      | Killed from afar by an orc priest

Illustrated notes

Levels and vault maps discovered:
D:1:      dpeg_arrival_simpleton_a, layout_loops_ring,
          nicolae_twisty_statue_hallways
D:2:      layout_loops_ring, serial_shops, shop
D:3:      layout_loops_ring, grunt_temple_overflow_open

Skill      XL: |  1  2  3 |
---------------+----------+-----
Unarmed Combat | 4 |  4.2
Fighting       | |  1.1
Dodging        | |  1.7
Shapeshifting  | |  3.5

Action                     || total
---------------------------++-------
  Melee: Unarmed           ||   101
         Tailslap          ||    16
         Punch             ||     4
    Use: Scroll            ||     4
   Stab: Sleeping          ||     3
 Armour: Skin              ||    34
  Dodge: Dodged            ||    82

Table legend: (Time is in decaauts)
 A = Elapsed time spent in this place.
 B = Non-inter-level travel time spent in this place.
 C = Inter-level travel time spent in this place.
 D = Time resting spent in this place.
 E = Time spent auto-exploring this place.
 F = Levels seen in this place.
 G = Mean time per level.
                   A        B        C        D        E       F      G
               +--------+--------+--------+--------+--------+-----+--------+
         Total |   1813 |   1728 |     85 |    129 |   1298 |   3 |  604.3 |
       Dungeon |   1813 |   1728 |     85 |    129 |   1298 |   3 |  604.3 |
               +--------+--------+--------+--------+--------+-----+--------+

Top non-repeatable levels by time:
     D:2: 896 daAuts
     D:1: 740 daAuts
     D:3: 176 daAuts
